 Dungeon Crawl Stone Soup version 0.29-a0-284-gf9362112df (webtiles) character file.

Game seed: 18315201973124688765

1095 sammy202020 the Skirmisher (level 8, -2/102 HPs)
             Began as a Palentonga Berserker on Mar 23, 2022.
             Was an Elder of Trog.
             Slain by a wyvern (9 damage)
             ... on level 5 of the Dungeon.
             The game lasted 00:07:05 (4436 turns).

sammy202020 the Skirmisher (Palentonga Berserker)   Turns: 4436, Time: 00:07:06

Health: -2/102     AC: 17    Str: 20    XL:     8   Next: 10%
Magic:  8/8        EV:  6    Int: 10    God:    Trog [****..]
Gold:   293        SH:  0    Dex: 10    Spells: 7/7 levels left

rFire   . . .      SeeInvis +   a - +1 hand axe
rCold   . . .      Faith    .   (no shield)
rNeg    . . .      Spirit   .   j - +0 chain mail
rPois   .          Reflect  .   i - +1 helmet
rElec   .          Harm     .   (no cloak)
rCorr   .          Rampage  .   (no gloves)
Will    ++...                   (no barding)
Stlth   ..........              b - amulet of regeneration
HPRegen 2.07/turn               (no ring)
MPRegen 0.11/turn               (no ring)

@: berserking (expiring), marked, strong-willed, regenerating, curled up, very
quick
A: large, rugged brown scales 3, see invisible, deformed body, roll 1, armoured
tail, reflexive curl
a: Rolling Charge, Renounce Religion, Berserk, Trog's Hand, Brothers in Arms


You were on level 5 of the Dungeon.
You worshipped Trog.
Trog was greatly pleased with you.
You visited 1 branch of the dungeon, and saw 5 of its levels.
You also visited: Sewer.

You collected 293 gold pieces.

Inventory:

Hand Weapons
 a - a +1 hand axe (weapon)
 h - a +0 war axe
Armour
 i - a +1 helmet (worn)
 j - a +0 chain mail (worn)
Jewellery
 b - an amulet of regeneration (around neck)
Wands
 e - a wand of mindburst (12)
Scrolls
 n - 8 scrolls of identify
 q - a scroll of acquirement {unknown}
 r - 4 scrolls of teleportation
 u - a scroll of brand weapon {unknown}
 w - a scroll of fear {unknown}
Potions
 c - 4 potions of berserk rage
 d - 3 potions of haste {unknown}
 f - a potion of flight {unknown}
 g - 2 potions of might
 k - a potion of degeneration {unknown}
 l - 2 potions of curing {unknown}
 m - 2 potions of attraction {unknown}
 o - 2 potions of mutation {unknown}
 p - 2 potions of lignification {unknown}
 s - 2 potions of heal wounds {unknown}
 t - a potion of brilliance {unknown}
 v - a potion of magic {unknown}
 x - a potion of resistance {unknown}


   Skills:
 * Level 5.9 Fighting
 * Level 5.9 Axes
 * Level 4.4 Armour
 + Level 3.3 Dodging


You had 7 spell levels left.
You didn't know any spells.
Your spell library was empty.

Dungeon Overview and Level Annotations

Branches:
Dungeon (5/15)              Sewer (visited)
 Temple: D:4-7

Altars:
Wu Jian


Innate Abilities, Weirdness & Mutations

You are completely covered in rugged brown scales. (AC +3, +7% HP)
You have supernaturally acute eyesight. (SInv)
Armour fits poorly on your strangely shaped body.
You can roll at nearby foes to attack.
You have a long armoured tail.
You curl defensively after being hit. (AC +7*)


Message History

You are too injured to fight recklessly!
You are too injured to fight recklessly!
The wyvern attacks as you move away! The wyvern bites you. x2
The wyvern attacks as you move away! The wyvern bites you!
* * * LOW HITPOINT WARNING * * *
You see here a +0 spear.
The wyvern attacks as you move away!
The wyvern bites you but does no damage.
The wyvern closely misses you. The wyvern bites you.
* * * LOW HITPOINT WARNING * * *
The wyvern attacks as you move away! The wyvern bites you.
* * * LOW HITPOINT WARNING * * *
The wyvern bites you but does no damage.
Your skin crawls.
You feel strong-willed. The wyvern bites you.
* * * LOW HITPOINT WARNING * * *
A red film seems to cover your vision as you go berserk!
You feel yourself moving faster!
You feel mighty! The wyvern bites you!
* * * LOW HITPOINT WARNING * * *
The wyvern bites you.
* * * LOW HITPOINT WARNING * * *
You hit the wyvern.
The wyvern is moderately wounded.
The wyvern bites you but does no damage.
You hit the wyvern. You tail-slap the wyvern.
The wyvern is moderately wounded.
The wyvern bites you but does no damage.
You closely miss the wyvern. You punch the wyvern!
The wyvern is severely wounded.
The wyvern bites you!
* * * LOW HITPOINT WARNING * * *
You closely miss the wyvern.
The wyvern is severely wounded.
The wyvern bites you but does no damage.
You hit the wyvern but do no damage.
The wyvern is severely wounded.
The wyvern bites you!
You die...

#### ###.#.#
#########....#
#......@lY..#
.########).##
##..#
###...#######
####............
#...............
####............
#............ ##
##............


You could see a wyvern and an ice beast.

Vanquished Creatures
  Sigmund (D:2)
  A sky beast (D:5)
  An ogre (D:5)
  2 bullfrogs (Sewer)
  2 scorpions (D:5)
  A hound (D:5)
  An orc priest (D:4)
  Terence (D:3)
  Jessica (D:3)
  Natasha (D:4)
  6 gnolls (D:5)
  15 adders
  5 river rats (Sewer)
  3 worms
  3 dart slugs
  4 orcs
  16 ball pythons
  9 endoplasms
  A giant cockroach (D:1)
  13 hobgoblins
  5 jackals (D:2)
  4 kobolds
  2 quokkas
  5 bats
  7 frilled lizards
  15 goblins
  20 rats
145 creatures vanquished.

Notes
Turn   | Place    | Note
-------+----------+-------------------------------------------
     0 | D:1      | sammy202020 the Palentonga Berserker began the quest for
                  | the Orb.
     0 | D:1      | Reached XP level 1. HP: 19/19 MP: 1/1
   192 | D:1      | Found a faded altar of an unknown god.
   386 | D:1      | Reached XP level 2. HP: 25/25 MP: 2/2
   962 | D:2      | Reached XP level 3. HP: 23/31 MP: 3/3
  1088 | D:2      | Found an ornate altar of the Wu Jian Council.
  1202 | D:2      | Reached ** piety under Trog
  1314 | D:2      | Reached XP level 4. HP: 34/39 MP: 4/4
  1642 | D:2      | Noticed Sigmund
  1650 | D:2      | Killed Sigmund
  1651 | D:2      | Reached XP level 5. HP: 32/46 MP: 5/5
  1658 | D:2      | Reached XP level 6. HP: 43/52 MP: 6/6
  2327 | D:3      | Noticed Terence
  2331 | D:3      | Reached *** piety under Trog
  2341 | D:3      | Killed Terence
  2443 | D:3      | Noticed Jessica
  2450 | D:3      | Killed Jessica
  3129 | D:4      | Noticed Natasha
  3144 | D:4      | Killed Natasha
  3464 | D:5      | Entered Level 5 of the Dungeon
  3569 | D:5      | Found a glowing drain.
  3570 | D:5      | Identified the +7 scale mail of the Game of Kings {Rampage
                  | Will+++ Dex-5 Slay-4}
  3582 | Sewer    | Entered a sewer
  3698 | Sewer    | Reached skill level 5 in Fighting
  3758 | Sewer    | Gained mutation: You curl defensively after being hit. (AC
                  | +7*) [Palentonga growth]
  3758 | Sewer    | Reached XP level 7. HP: 59/59 MP: 7/7
  3784 | Sewer    | Reached skill level 5 in Axes
  3850 | Sewer    | Reached **** piety under Trog
  4309 | D:5      | Reached XP level 8. HP: 68/68 MP: 8/8
  4434 | D:5      | HP: 4/102 [wyvern (7)]
  4436 | D:5      | Slain by a wyvern

Illustrated notes

Levels and vault maps discovered:
D:1:      saegor_arrival_under_anarchy, layout_basic,
          hellmonk_ecumenical_altar_zigzags, minmay_split_cup_large
D:2:      cheibrodos_greedy_goblins, layout_loops_ring, basic_altar,
          kennysheep_boxes, uniq_sigmund
D:3:      layout_rooms, kennysheep_jessica_study, uniq_terence
D:4:      layout_layer_cave, uniq_natasha
D:5:      layout_layer_cave, cheibrodos_sewer_entry_sluice,
          nicolae_ossuary_entry_false_entrances

Skill      XL: |  1  2  3  4  5  6  7 |
---------------+----------------------+-----
Armour         | 2 3 4 |  4.4
Dodging        | 2 3 |  3.3
Fighting       | 4 5 |  5.9
Axes           | 4 5 |  5.9

Action                   |  1- 3 |  4- 6 |  7- 9 || total
-------------------------+-------+-------+-------++-------
Melee: Hand axe          |   112 |   211 |   113 ||   436
       Tailslap          |    15 |    16 |    13 ||    44
       Punch             |       |     2 |     3 ||     5
Invok: Berserk           |       |     1 |     3 ||     4
       Trog's Hand       |       |     1 |     1 ||     2
 Abil: Rolling Charge    |       |     1 |       ||     1
  Use: Scroll            |       |     8 |       ||     8
 Stab: Sleeping          |     1 |       |       ||     1
Armor: Animal skin       |    20 |       |       ||    20
       Scale mail        |    33 |     9 |       ||    42
       Chain mail        |       |   130 |   114 ||   244
Dodge: Dodged            |    37 |    60 |    70 ||   167

Table legend: (Time is in decaauts)
 A = Elapsed time spent in this place.
 B = Non-inter-level travel time spent in this place.
 C = Inter-level travel time spent in this place.
 D = Time resting spent in this place.
 E = Time spent auto-exploring this place.
 F = Levels seen in this place.
 G = Mean time per level.
                   A        B        C        D        E       F      G
               +--------+--------+--------+--------+--------+-----+--------+
         Total |   4558 |   4391 |    167 |      1 |   3341 |   6 |  759.7 |
       Dungeon |   4182 |   4015 |    167 |      0 |   3144 |   5 |  836.4 |
         Sewer |    376 |    376 |      0 |      1 |    197 |   1 |  376.0 |
               +--------+--------+--------+--------+--------+-----+--------+

Top non-repeatable levels by time:
     D:2: 1221 daAuts
     D:1: 963 daAuts
     D:4: 764 daAuts
     D:5: 662 daAuts
     D:3: 570 daAuts
   Sewer: 376 daAuts
